 Dungeon Crawl Stone Soup version 0.18-a0-1788-g92de1ac (webtiles) character file.

14217 vev the Spear-Bearer (level 12, -1/60 HPs)
             Began as a Vine Stalker Transmuter on Apr 19, 2016.
             Was an Elder of Kikubaaqudgha.
             Slain by a seven-headed hydra (8 damage)
             ... on level 2 of the Lair of Beasts.
             The game lasted 00:59:55 (9729 turns).

vev the Spear-Bearer (Vine Stalker Transmuter)      Turns: 9729, Time: 00:59:55

Health: -1/60      AC: 13    Str: 20    XL:     12   Next: 14%
Magic:  0/34       EV: 16    Int: 18    God:    Kikubaaqudgha [****..]
Gold:   684        SH:  2    Dex: 21    Spells: 6 memorised, 10 levels left

rFire  . . .     SeeInvis .     B - +10 spear of the Extremes {pierce, Fragile Str+3 Int+4}
rCold  . . .     Gourm    +     h - +2 ring mail {rPois}
rNeg   . . .     Faith    .     (no shield)
rPois  +         Spirit   +     (no helmet)
rElec  .         Dismiss  .     (no cloak)
rCorr  .         Reflect  .     p - +0 pair of gloves
SustAt .         Harm     .     t - +0 pair of boots
MR     +....                    y - amulet of the gourmand
Stlth  +.........               H - ring of magical power
                                I - +6 ring of dexterity

@: very slightly contaminated, regenerating, corpse armour, somewhat resistant
to hostile enchantments, very unstealthy
A: fangs 3, regeneration 3, magic shield, antimagic bite, no device heal 3, rot
immunity
a: Receive Corpses, Renounce Religion


You were on level 2 of the Lair of Beasts.
You worshipped Kikubaaqudgha.
Kikubaaqudgha was greatly pleased with you.
You were full.

You visited 2 branches of the dungeon, and saw 12 of its levels.
You also visited: Sewer and Volcano.

You collected 702 gold pieces.
You spent 18 gold pieces at shops.

Inventory:

Hand Weapons
 B - the +10 spear of the Extremes (weapon) {pierce, Fragile Str+3 Int+4}
   (You found it on level 4 of the Dungeon)

   It inflicts extra damage upon your enemies.
   It affects your strength (+3).
   It affects your intelligence (+4).
   It will be destroyed if unequipped.
Armour
 h - a +2 ring mail of poison resistance (worn)
 p - a +0 pair of gloves (worn)
 t - a +0 pair of boots (worn)
 V - the +1 leather armour of Pride {rC+}
   (You found it on level 9 of the Dungeon)

   It protects you from cold.
 Z - a +0 fire dragon armour
Jewellery
 e - an uncursed ring of protection from cold
 y - an amulet of the gourmand (around neck)
 C - an uncursed ring of protection from cold
 F - an uncursed ring of sustain attributes
 H - a ring of magical power (right hand)
 I - a +6 ring of dexterity (left hand)
Wands
 q - a wand of iceblast (10/15)
 Q - a wand of iceblast (6/15)
 X - a wand of iceblast (8/15)
 Y - a wand of acid (6/15)
Scrolls
 a - 2 scrolls of amnesia {unknown}
 g - a scroll of enchant armour {unknown}
 i - 4 scrolls of remove curse
 l - a scroll of blinking {unknown}
 m - a scroll of noise {unknown}
 w - 8 scrolls of teleportation
 G - 2 scrolls of enchant weapon {unknown}
 J - a scroll of magic mapping {unknown}
 K - a scroll of silence {unknown}
 L - a scroll of random uselessness {unknown}
 M - a scroll of holy word {unknown}
 O - 2 scrolls of identify
 P - a scroll of immolation {unknown}
 R - a scroll of recharging {unknown}
 S - 2 scrolls of fear {unknown}
 U - a scroll of vulnerability {unknown}
Potions
 b - a potion of cure mutation
 f - 8 potions of curing
 n - 2 potions of agility {unknown}
 o - 4 potions of haste
 u - 2 potions of invisibility
 v - a potion of flight
 z - 2 potions of resistance
 A - a potion of beneficial mutation
 E - 2 potions of magic
 T - a potion of brilliance {unknown}
 W - a potion of mutation {unknown}
Books
 c - a book of Changes

   Spells                             Type                      Level
   a - Beastly Appendage              Transmutation                1
   b - Sticks to Snakes               Transmutation                2
   c - Spider Form                    Transmutation/Poison         3
   d - Ice Form                       Ice/Transmutation            4
   e - Blade Hands                    Transmutation                5
 j - a book of Maledictions

   Spells                             Type                      Level
   a - Corona                         Hexes                        1
   b - Ensorcelled Hibernation        Hexes/Ice                    2
   c - Confuse                        Hexes                        3
   d - Tukima's Dance                 Hexes                        3
   e - Dazzling Spray                 Conjuration/Hexes            3
 D - Kikubaaqudgha's Collected Works on Dark Magic
   (Kikubaaqudgha gifted it to you on level 5 of the Dungeon)

   Spells                             Type                      Level
   a - Pain                           Necromancy                   1
   b - Corpse Rot                     Necromancy                   2
   c - Sublimation of Blood           Necromancy                   2
   d - Regeneration                   Charms/Necromancy            3
   e - Control Undead                 Necromancy                   4
 N - Kikubaaqudgha's Grimoire of Sinister Magic
   (Kikubaaqudgha gifted it to you on level 6 of the Dungeon)

   Spells                             Type                      Level
   a - Excruciating Wounds            Charms/Necromancy            5
   b - Bolt of Draining               Conjuration/Necromancy       5
   c - Cigotuvi's Embrace             Necromancy                   5
   d - Dispel Undead                  Necromancy                   5
   e - Death Channel                  Necromancy                   6
Comestibles
 d - 8 bread rations
 k - 2 meat rations
 r - 2 slices of pizza
 s - 4 fruits
 x - 2 beef jerkies


   Skills:
 - Level 5.0 Fighting
 + Level 8.9 Polearms
 * Level 5.5 Armour
 - Level 6.0 Dodging
 - Level 6.2 Unarmed Combat
 + Level 8.3 Spellcasting
 + Level 7.9 Necromancy
 - Level 2.0 Transmutations


You had 10 spell levels left.
You knew the following spells:

 Your Spells              Type           Power        Failure   Level  Hunger
a - Pain                  Necr           ####         1%          1    None
b - Sublimation of Blood  Necr           #####.....   1%          2    None
c - Cigotuvi's Embrace    Necr           #####.....   17%         5    #####..
r - Regeneration          Chrm/Necr      ###.......   10%         3    None
u - Dispel Undead         Necr           #####...     17%         5    #####..
z - Beastly Appendage     Trmt           ##....       10%         1    None


Dungeon Overview and Level Annotations

Branches:
Dungeon (10/15)            Temple (0/1) D:7            Lair (2/8) D:8
    Orc: D:9-12

Altars:
Ashenzari
Cheibriados
Dithmenos
Fedhas
Gozag
Kikubaaqudgha
Okawaru
Qazlal
Ru
Trog
Vehumet
Zin
The Shining One

Shops:
D:4 *?=[   D:8 =

Annotations:
D:6 Yehuk's ghost, novice DsGl


Innate Abilities, Weirdness & Mutations

You have razor-sharp teeth.
You regenerate.
When hurt, damage is shared between your health and your magic reserves.
Your bite disrupts and absorbs the magic of your enemies.
Potions and wands cannot restore your health.
You are immune to rotting.


Message History

The seven-headed hydra barely misses you.
The seven-headed hydra bites you.
The seven-headed hydra barely misses you.
Unknown command.
Casting: Regeneration
Confirm with . or Enter, or press ? or * to list all spells.
Your skin crawls.
The seven-headed hydra bites you!
* * * LOW HITPOINT WARNING * * *
The seven-headed hydra bites you but does no damage.
The seven-headed hydra bites you!
* * * LOW HITPOINT WARNING * * *
The seven-headed hydra bites you but does no damage.
The seven-headed hydra barely misses you.
The seven-headed hydra misses you.
The seven-headed hydra bites you but does no damage.
Unknown command.
The seven-headed hydra bites you but does no damage.
The seven-headed hydra bites you!
You die...
Kikubaaqudgha rasps: "You have failed me!
Welcome... death!"

. ............♣♣ ..
....#..........♣♣♣....♣
....##.##.###♣.P.....♣. ♣
.............♣♣♣♣.....♣♣.
#P..#.....##.♣P........♣
####.##.######♣.♣.###...♣.
##....#P†P####..♣..#.#....♣
##........D#.##..P♣.#'#.....
##..........@...............P
#................♣.......[#..
#........P#.#.#.♣P.........#.
#........##..#.♣♣P♣.#+#P....#
##...#######....♣♣..# #......
######≈≈≈###...♣.P.###.P....
##..≈≈§≈###.....♣......[.#+
###.....§..##..............#
#.#...≈≈≈≈###...........⌠..#


You could see a seven-headed hydra.

Vanquished Creatures
  An ogre mage (Volcano)
  A hydra (Lair:2)
  Nergalle (D:10)
  Pikel (D:8)
  6 statues (Volcano)
  A hill giant (Volcano)
  A centaur zombie (D:10)
  A black mamba (Lair:2)
  A spiny frog (Lair:1)
  A komodo dragon (Lair:1)
  A two-headed ogre (Volcano)
  3 spriggans
  2 hell hounds (D:8)
  6 yaks (Lair:2)
  4 fire bats (Volcano)
  A hippogriff (D:9)
  2 hungry ghosts
  3 water moccasins
  A porcupine (Lair:1)
  Duvessa (D:7)
  2 black bears (Lair:2)
  2 ice beasts (D:8)
  2 sky beasts
  A slave (D:8)
  6 ogres
  A crocodile (Lair:2)
  A wolf (Lair:2)
  2 centaurs
  A big kobold (Sewer)
  7 giant frogs
  Dowan (D:7)
  4 scorpions
  A wyvern skeleton (D:9)
  A water moccasin skeleton (D:7)
  4 killer bees (D:9)
  4 wights (D:7)
  4 howler monkeys
  4 crimson imps
  2 orc priests
  3 hounds
  4 lava snakes (Volcano)
  2 jellies
  A gnoll shaman (D:9)
  7 orc wizards
  A giant frog skeleton (D:5)
  6 iguanas
  7 worker ants
  A hound zombie (D:5)
  A hound skeleton (D:4)
  19 gnolls
  15 adders
  16 river rats
  5 oozes
  2 adder skeletons
  7 worms
  6 dart slugs
  5 giant geckos
  32 orcs
  A ball python (Sewer)
  7 bats
  9 giant cockroaches
  7 goblins
  5 hobgoblins
  17 jackals
  4 quokkas
  A ball python skeleton (D:4)
  2 giant gecko skeletons
  A giant gecko zombie (D:5)
  3 giant newts
  A jackal skeleton (D:4)
  A jackal zombie (D:7)
  10 kobolds
  A quokka skeleton (D:5)
  7 rats
306 creatures vanquished.

Vanquished Creatures (others)
  A slave (D:8)
  3 howler monkeys
  3 fungi (Lair:2)
  3 plants (Lair:2)
10 creatures vanquished.

Grand Total: 316 creatures vanquished

Notes
Turn   | Place    | Note
--------------------------------------------------------------
     0 | D:1      | vev the Vine Stalker Transmuter began the quest for the Orb.
     0 | D:1      | Reached XP level 1. HP: 9/9 MP: 4/4
    52 | D:1      | Reached skill level 1 in Fighting
   101 | D:1      | Reached XP level 2. HP: 10/14 MP: 1/6
   457 | D:1      | Reached XP level 3. HP: 17/18 MP: 5/7
   857 | D:2      | Found a snail-covered altar of Cheibriados.
   939 | D:2      | Reached XP level 4. HP: 21/23 MP: 8/8
  1682 | D:3      | Reached XP level 5. HP: 20/27 MP: 9/9
  1887 | D:3      | Found an ancient bone altar of Kikubaaqudgha.
  1908 | D:3      | Became a worshipper of Kikubaaqudgha
  1933 | D:3      | Reached skill level 5 in Unarmed Combat
  2128 | D:3      | Found a shadowy altar of Dithmenos.
  2400 | D:3      | Found an opulent altar of Gozag.
  2554 | D:4      | Found Ominuo's Assorted Antiques.
  2557 | D:4      | Noticed an ogre
  2612 | D:4      | Found an iron altar of Okawaru.
  2671 | D:4      | Found a shattered altar of Ashenzari.
  2767 | D:4      | Gained mutation: You heal very quickly. [Vine Stalker growth]
  2767 | D:4      | Reached XP level 6. HP: 30/32 MP: 7/10
  2824 | D:4      | Found Putottob's Jewellery Boutique.
  2831 | D:4      | Found Onyd's Magic Scroll Shop.
  2850 | D:4      | Reached skill level 1 in Armour
  2906 | D:4      | Found Haroll's Armour Emporium.
  2963 | D:4      | Reached XP level 7. HP: 28/36 MP: 8/11
  3062 | D:4      | Bought a fuming inky potion for 18 gold pieces
  3385 | D:4      | Got a steaming spear
  3386 | D:4      | Identified the +10 spear of the Extremes {pierce, Fragile Str+3 Int+4} (You found it on level 4 of the Dungeon)
  3414 | D:5      | Entered Level 5 of the Dungeon
  3417 | D:5      | Reached * piety under Kikubaaqudgha
  3417 | D:5      | Received a gift from Kikubaaqudgha
  3420 | D:5      | Identified Kikubaaqudgha's Collected Works on Dark Magic (Kikubaaqudgha gifted it to you on level 5 of the Dungeon)
  3423 | D:5      | Learned a level 1 spell: Pain
  3614 | D:5      | Found a stormy altar of Qazlal.
  3973 | D:5      | Reached skill level 1 in Necromancy
  4012 | D:5      | Gained mutation: You have razor-sharp teeth. [Vine Stalker growth]
  4012 | D:5      | Reached XP level 8. HP: 42/42 MP: 13/13
  4512 | D:6      | Found a glowing drain.
  4541 | Sewer    | Entered a sewer
  4560 | Sewer    | Reached ** piety under Kikubaaqudgha
  5025 | D:6      | Found a bloodstained altar of Trog.
  5133 | D:6      | You fall through a shaft!
  5185 | D:7      | Found a glowing silver altar of Zin.
  5659 | D:6      | Noticed Yehuk's ghost (novice DsGl)
  5690 | D:6      | Reached *** piety under Kikubaaqudgha
  5690 | D:6      | Received a gift from Kikubaaqudgha
  5691 | D:6      | Identified Kikubaaqudgha's Grimoire of Sinister Magic (Kikubaaqudgha gifted it to you on level 6 of the Dungeon)
  5728 | D:6      | Found a blossoming altar of Fedhas.
  5889 | D:7      | Noticed Dowan
  5912 | D:7      | Reached XP level 9. HP: 46/46 MP: 16/16
  5989 | D:7      | Reached skill level 5 in Fighting
  5989 | D:7      | Reached skill level 5 in Armour
  6114 | D:7      | Found a staircase to the Ecumenical Temple.
  6166 | D:7      | Learned a level 2 spell: Sublimation of Blood
  6170 | D:7      | Learned a level 3 spell: Regeneration
  6235 | D:7      | Reached skill level 1 in Polearms
  6392 | D:7      | Found a glowing golden altar of the Shining One.
  6503 | D:7      | Noticed Duvessa
  6510 | D:7      | Killed Duvessa
  6538 | D:7      | Killed Dowan
  6680 | D:8      | Found Dabotooz's Jewellery Boutique.
  6690 | D:8      | Reached skill level 5 in Spellcasting
  6879 | D:8      | Noticed Pikel
  6898 | D:8      | Killed Pikel
  6906 | D:8      | Reached XP level 10. HP: 33/51 MP: 19/19
  6924 | D:8      | Reached skill level 5 in Necromancy
  6944 | D:8      | Found a staircase to the Lair.
  7227 | Lair:1   | Entered Level 1 of the Lair of Beasts
  7281 | D:9      | Found a sacrificial altar of Ru.
  7307 | D:9      | Got an encrusted leather armour
  7318 | D:9      | Identified the +1 leather armour of Pride {rC+} (You found it on level 9 of the Dungeon)
  7404 | D:9      | Found a radiant altar of Vehumet.
  7516 | D:9      | Reached skill level 5 in Polearms
  7525 | D:9      | Reached **** piety under Kikubaaqudgha
  7945 | D:10     | Entered Level 10 of the Dungeon
  8053 | D:10     | Noticed Nergalle
  8077 | D:10     | Killed Nergalle
  8098 | D:10     | Learned a level 5 spell: Dispel Undead
  8104 | D:10     | Learned a level 5 spell: Cigotuvi's Embrace
  8138 | D:10     | Noticed a hill giant
  8339 | Lair:1   | Noticed a spiny frog
  8352 | Lair:1   | Killed a spiny frog
  8380 | Lair:1   | Reached XP level 11. HP: 55/55 MP: 22/22
  8626 | Lair:1   | Noticed a six-headed hydra
  8657 | Lair:2   | Reached skill level 5 in Dodging
  8945 | Lair:2   | Found a dark tunnel.
  8953 | Volcano  | Entered a volcano
  9127 | Volcano  | Noticed a lasher statue
  9127 | Volcano  | Noticed a lasher statue
  9134 | Volcano  | Killed a lasher statue
  9172 | Volcano  | Killed a lasher statue
  9173 | Volcano  | Noticed a lasher statue
  9212 | Volcano  | Killed a lasher statue
  9216 | Volcano  | Noticed a lasher statue
  9226 | Volcano  | Killed a lasher statue
  9229 | Volcano  | Noticed a lasher statue
  9242 | Volcano  | Killed a lasher statue
  9244 | Volcano  | Noticed a lasher statue
  9274 | Volcano  | Killed a lasher statue
  9329 | Volcano  | Found a white marble altar of Elyvilon.
  9329 | Volcano  | Noticed an ogre mage
  9329 | Volcano  | Noticed a hill giant
  9340 | Volcano  | Paralysed by an ogre mage for 5 turns
  9354 | Volcano  | Killed an ogre mage
  9361 | Volcano  | Killed a hill giant
  9361 | Volcano  | Gained mutation: You regenerate. [Vine Stalker growth]
  9361 | Volcano  | Reached XP level 12. HP: 21/60 MP: 4/25
  9658 | Lair:2   | Noticed a seven-headed hydra
  9671 | Lair:2   | Killed a seven-headed hydra
  9703 | Lair:2   | Noticed a seven-headed hydra
  9729 | Lair:2   | Slain by a seven-headed hydra

Vault maps used:
D:1:      dpeg_arrival_water_altar, serial_corexii_hall, corexii_hall_statues_x,
          corexii_hall_statues_x, corexii_hall_statues_t,
          corexii_hall_statues_u, corexii_hall_statues_i, corexii_hall_statues_s
D:2:      kennysheep_slug_shrine
D:3:      grunt_dithmenos_smoke_and_mirrors, grunt_gozag_breadcrumbs,
          kiku_gazebo_garden_becter
D:4:      grunt_temple_overflow_open, serial_shops, shop_statue,
          nicolae_shop_stone, shop, kennysheep_mini_moat
D:5:      nicolae_qazlal_general_emergency, first_bread,
          minmay_misc_feat_nine_boxes
D:6:      fedhas_altar_4, lemuel_doored_altar, portal_sewer_entry_b,
          minmay_misc_feat_hallway
D:7:      old_standard_altar, tso_altar, lemuel_temple_firewalk_marked,
          uniq_duvessa
D:8:      minmay_lair_entry_lava, serial_shops, nicolae_shop_trees, uniq_pikel
D:9:      kennysheep_little_box, kennysheep_mini, the_bakery, minivault_4,
          st_stairs_13, minmay_statues_item
D:10:     uniq_nergalle
Lair:1:   grunt_megastairs_3, serial_bayou_shore_a
Lair:2:   wad_woods_settlement, lightli_volcano_entry_magma_tube
Sewer:    sewer_co_15_rooms
Volcano:  volcano_grotto

Skill      XL: |  1  2  3  4  5  6  7  8  9 10 11 |
---------------+----------------------------------+-----
Fighting       | 1 2 3 4 5 |  5.0
Unarmed Combat | 4 5 6 |  6.2
Armour         | 1 3 4 5 |  5.5
Necromancy     | 1 3 4 6 7 |  7.9
Spellcasting   | 4 5 6 8 |  8.3
Dodging        | 2 3 4 6 |  6.0
Polearms       | 4 6 8 |  8.9
Transmutations | |  2.0

Action                   |  1- 3 |  4- 6 |  7- 9 | 10-12 || total
-------------------------+-------+-------+-------+-------++-------
Melee: Unarmed           |   123 |   177 |    49 |       ||   349
       Bite              |    22 |    47 |    75 |   131 ||   275
       Headbutt          |     1 |    25 |    10 |    33 ||    69
       Kick              |     2 |    12 |       |       ||    14
       Punch             |     1 |       |     2 |    15 ||    18
       Spear             |       |       |   288 |   411 ||   699
 Cast: Beastly Appendage |     7 |    39 |    14 |     9 ||    69
       Pain              |       |       |    29 |    15 ||    44
       Regeneration      |       |       |     1 |    22 ||    23
       Sublimation of Bl |       |       |       |     6 ||     6
       Cigotuvi's Embrac |       |       |       |     4 ||     4
Evoke: Wand              |       |       |       |     3 ||     3
  Use: Scroll            |       |       |    13 |     2 ||    15
       Potion            |       |       |       |     1 ||     1
 Stab: Sleeping          |       |       |     1 |       ||     1
  Eat: Chunk             |       |     8 |    30 |    11 ||    49
Armor: Robe              |     3 |       |       |       ||     3
       Ring mail         |    55 |    67 |    94 |    87 ||   303
Dodge: Dodged            |    80 |    79 |   135 |   221 ||   515
Block: Other             |       |       |       |     5 ||     5
